 Dungeon Crawl Stone Soup version 0.27.0-1-g7a089689b8 (webtiles) character file.

Game seed: 4368762566868044338

17 selver the Magician (level 2, 0/19 HPs)
             Began as a Demonspawn Hedge Wizard on Aug 15, 2021.
             Frozen to death by an endoplasm (4 damage)
             ... on level 2 of the Dungeon.
             The game lasted 00:02:23 (766 turns).

selver the Magician (Demonspawn Hedge Wizard)        Turns: 766, Time: 00:02:25

Health: 0/19       AC:  2    Str: 10    XL:     2   Next: 44%
Magic:  0/6        EV: 12    Int: 15    God:
Gold:   49         SH:  0    Dex: 12    Spells: 6/7 levels left

rFire    . . .     SeeInvis .   a - +0 dagger
rCold    . . .     Faith    .   (no shield)
rNeg     . . .     Spirit   .   b - +0 robe
rPois    .         Reflect  .   c - +0 hat
rElec    .         Harm     .   (no cloak)
rCorr    .         Rampage  .   (no gloves)
Will     .....                  (no boots)
Stlth    ++........             (no amulet)
HPRegen  0.06/turn              (no ring)
MPRegen  0.10/turn              (no ring)

@: very slightly contaminated
A: demonic guardian 1
a: no special abilities


You were on level 2 of the Dungeon.
You visited 1 branch of the dungeon, and saw 2 of its levels.

You collected 49 gold pieces.

Inventory:

Hand Weapons
 a - a +0 dagger (weapon)
Armour
 b - a +0 robe (worn)
 c - a +0 hat (worn)
 l - a +0 chain mail of positive energy
Jewellery
 j - a ring of positive energy
Scrolls
 d - a scroll of noise {unknown}
 e - a scroll of fear {unknown}
 f - a scroll of vulnerability {unknown}
 g - a scroll of identify {unknown}
 h - a scroll of blinking {unknown}
 k - a scroll of fog {unknown}
 m - a scroll of immolation {unknown}
Potions
 i - 2 potions of cancellation {unknown}
 n - 2 potions of curing {unknown}


   Skills:
 - Level 1.7 Dodging
 - Level 1.7 Stealth
 - Level 3.0 Spellcasting
 + Level 2.5 Conjurations
 - Level 1.0 Summonings
 - Level 0.8 Translocations


You had 6 spell levels left.
You knew the following spells:

 Your Spells              Type           Power      Damage    Failure   Level
a - Magic Dart            Conj           36%        1d4       7%          1

Your spell library contained the following spells:

 Spells                   Type           Power      Damage    Failure   Level
 Call Imp                 Summ           5%         N/A       21%         2
 Blink                    Tloc           N/A        N/A       22%         2
 Slow                     Hex            2%         N/A       30%         2
 Conjure Flame            Conj/Fire      6%         6-21      34%         3
 Mephitic Cloud           Conj/Pois/Air  4%         N/A       38%         3


Dungeon Overview and Level Annotations

Branches:
Dungeon (2/15)

Altars:


Innate Abilities, Weirdness & Mutations

A weak demonic guardian rushes to your aid.


Message History

The ball python constricts you.
Casting: Magic Dart (safe; 7% risk of failure)
Confirm with . or Enter, or press ? or * to list all spells.
You don't have enough magic to cast this spell.
Casting: Magic Dart (safe; 7% risk of failure)
Confirm with . or Enter, or press ? or * to list all spells.
You don't have enough magic to cast this spell.
Unknown command.
You barely miss the ball python.
The ball python is severely wounded.
The ball python bites you.
* * * LOW HITPOINT WARNING * * *
x2 The ball python constricts you.
You escape the ball python's grasp.
Your iron imp hits the ball python!
The ball python dies!
Things that are here:
a hobgoblin corpse; a bat corpse
Things that are here:
a +0 whip; a kobold corpse Your iron imp disappears in a puff of smoke!
Casting: Magic Dart (safe; 7% risk of failure)
Confirm with . or Enter, or press ? or * to list all spells.
Aiming: Magic Dart (safe; 7% risk of failure)
Press: ? - help, Shift-Dir - straight line, f - endoplasm
Aim: an endoplasm (100% to hit)
You miscast Magic Dart.
You are very lightly contaminated with residual magic.
Nothing appears to happen.
The endoplasm hits you.
* * * LOW HITPOINT WARNING * * *
A demonic guardian appears!
Casting: Magic Dart (safe; 7% risk of failure)
Confirm with . or Enter, or press ? or * to list all spells.
Aiming: Magic Dart (safe; 7% risk of failure)
Press: ? - help, Shift-Dir - straight line, f/p - endoplasm
Aim: an endoplasm (ally target, 100% to hit)
The magic dart hits the endoplasm.
The endoplasm is lightly wounded.
The endoplasm freezes you.
You are frozen.
You die...

.# ....#
####.####...
......)....
#.#########.#####..†
#.#........§...)†...
#.#.#######.####....
#.#5# #.# #....
#.#J# #.# #....
#.#@# #.# #....
##.#.### #.# ...##
#......# ... :...#
#..#.#.# #...#...#
#..#...# #..#.#.#
#..#...# #..#####.#
#........#


You could see an endoplasm (ally target) and a friendly quasit (summoned).

Vanquished Creatures
  2 endoplasms
  2 giant cockroaches (D:1)
  2 hobgoblins
  4 kobolds
  A ball python (D:2)
  A bat (D:2)
  A frilled lizard (D:1)
  A rat (D:1)
14 creatures vanquished.

Vanquished Creatures (collateral kills)
  A ball python (D:2)
1 creature vanquished.

Grand Total: 15 creatures vanquished

Notes
Turn   | Place    | Note
-------+----------+-------------------------------------------
     0 | D:1      | selver the Demonspawn Hedge Wizard began the quest for the
                  | Orb.
     0 | D:1      | Reached XP level 1. HP: 13/13 MP: 4/4
    99 | D:1      | Found a faded altar of an unknown god.
   410 | D:1      | Gained mutation: A weak demonic guardian rushes to your
                  | aid. [demonic ancestry]
   410 | D:1      | Reached XP level 2. HP: 19/19 MP: 0/6
   766 | D:2      | Frozen to death by an endoplasm

Illustrated notes

Levels and vault maps discovered:
D:1:      matt_arrival_refuge, layout_rooms,
          shapermc_ecumenical_altar_mp_urbaneastern, supply_closet_lemuel
D:2:      layout_basic

Skill      XL: |  1 |
---------------+----+-----
Conjurations   | 2 |  2.5
Dodging        | |  1.7
Stealth        | |  1.7
Spellcasting   | |  3.0
Summonings     | |  1.0
Translocations | |  0.8

Action                   || total
-------------------------++-------
Melee: Dagger            ||    15
 Cast: Magic Dart        ||    25
 Stab: Sleeping          ||     1
Armor: Robe              ||     3
Dodge: Dodged            ||     8
